 Dungeon Crawl Stone Soup version 0.19-a0-1013-g40768a3 (webtiles) character file.

30 Gagarin the Shooter (level 3, 0/29 HPs)
             Began as a Centaur Hunter on July 24, 2016.
             Slain by an adder (2 damage)
             ... on level 2 of the Dungeon.
             The game lasted 00:03:12 (1219 turns).

Gagarin the Shooter (Centaur Hunter)                Turns: 1219, Time: 00:03:12

Health: 0/29       AC:  4    Str: 14    XL:     3   Next: 3%
Magic:  3/3        EV:  9    Int: 15    God:
Gold:   90         SH:  0    Dex: 10    Spells: 0 memorised, 2 levels left

rFire  . . .     SeeInvis .     l - +0 trident
rCold  . . .     Gourm    .     c - +0 leather armour
rNeg   . . .     Faith    .     (no shield)
rPois  .         Spirit   .     (no helmet)
rElec  .         Dismiss  .     (no cloak)
rCorr  .         Reflect  .     (no gloves)
SustAt .         Harm     .     (no barding)
MR     .....                    (no amulet)
Stlth  +.........               (no ring)
                                (no ring)

@: brilliant, lethally poisoned (0 -> -5), hasted, very quick, not resistant to
hostile enchantments, very unstealthy
A: hooves 3, deformed body, speed 2, tough skin 3
a: no special abilities


You were on level 2 of the Dungeon.
You were not hungry.

You visited 1 branch of the dungeon, and saw 2 of its levels.

You collected 90 gold pieces.

Inventory:

Hand Weapons
 a - a +1 shortbow
 b - a +0 short sword
 l - a +0 trident (weapon)
Missiles
 d - 9 arrows
Armour
 c - a +0 leather armour (worn)
Jewellery
 e - an uncursed ring of poison resistance {unknown}
Scrolls
 j - a scroll of remove curse {unknown}
 k - a scroll of magic mapping {unknown}
 m - a scroll of enchant weapon {unknown}
 n - a scroll of fog {unknown}
 o - a scroll of fear {unknown}
Comestibles
 f - a bread ration
 g - 3 chunks of flesh


   Skills:
 + Level 2.1 Fighting
 + Level 6.4 Bows
 + Level 0.2 Armour
 + Level 1.4 Dodging
 + Level 0.5 Stealth


You had 2 spell levels left.
You didn't know any spells.

Dungeon Overview and Level Annotations

Branches:
Dungeon (2/15)

Altars:


Innate Abilities, Weirdness & Mutations

You have hooves in place of feet.
Armour fits poorly on your strangely shaped body.
You cover ground very quickly.
You have extremely tough skin. (AC +3)


Message History

The adder bites you. The adder barely misses you.
You hit the adder but do no damage. You kick the adder, but do no damage.
The adder is heavily wounded.
The adder bites you.
You are poisoned.
The adder poisons you! The adder bites you but does no damage.
You barely miss the adder.
The adder is heavily wounded.
You feel sick. The adder bites you.
* * * LOW HITPOINT WARNING * * *
You are too injured to fight recklessly!
You are too injured to fight recklessly!
It was a potion of brilliance.
You feel clever all of a sudden.
* * * LOW HITPOINT WARNING * * *
You feel sick. The adder bites you.
* * * LOW HITPOINT WARNING * * *
The adder barely misses you.
It was a potion of haste.
You feel yourself speed up. The adder bites you.
You die...

##..#.######........#########
#..#.#รท......<...##........#
#....#.############........#
##.###.############........#
#.# #............#........#
#.# #....#######.#........#
#.# ######## #.#........# #.#
#.....# #.#......(.#
#.####.###@# #.#....<...#
#.##...# #S# #..........#
#.##.### #.# ###........#
#.##.# #.# ###.#.#### #.##.#
#.# ### #.#.#
#.##.#####.##...# #.#.#
#.##.##.....#...# #.#.#
#.##.##.....'...+ #.#.#
#.##.##.....#...# #.#.#


You could see an adder.

Vanquished Creatures
  An ooze (D:1)
  A giant gecko (D:1)
  A giant cockroach (D:1)
  2 goblins (D:1)
  3 hobgoblins (D:1)
  4 jackals (D:2)
  A ball python (D:1)
  4 bats
  A giant newt (D:1)
  3 kobolds (D:1)
  3 rats (D:1)
24 creatures vanquished.

Notes
Turn   | Place    | Note
-------+----------+-------------------------------------------
     0 | D:1      | Gagarin the Centaur Hunter began the quest for the Orb.
     0 | D:1      | Reached XP level 1. HP: 17/17 MP: 1/1
   228 | D:1      | Reached XP level 2. HP: 24/24 MP: 2/2
   375 | D:1      | Reached skill level 6 in Bows
  1100 | D:2      | Reached XP level 3. HP: 22/29 MP: 3/3
  1219 | D:2      | Slain by an adder

Vault maps used:
D:1:      dpeg_arrival_sounds_slurp
D:2:      lemuel_round_altar, first_bread, lemuel_blue_sif_altar, uniq_jessica,
          uniq_terence

Skill      XL: |  1  2 |
---------------+-------+-----
Bows           | 6 |  6.4
Fighting       | |  2.1
Armour         | |  0.2
Dodging        | |  1.4
Stealth        | |  0.5

Action                   || total
-------------------------++-------
Melee: Trident           ||    24
       Kick              ||     5
 Fire: Shortbow          ||    71
  Use: Potion            ||     2
Armor: Leather armour    ||    20
Dodge: Dodged            ||    25
